 Dungeon Crawl Stone Soup version 0.18.1-50-g88ac8fd (webtiles) character file.

8095 Monkfish the Unseen (level 11, -10/68 HPs)
             Began as a Kobold Berserker on Oct 23, 2016.
             Was a High Priest of Trog.
             Mangled by an unseen horror (12 damage)
             ... on level 10 of the Dungeon.
             The game lasted 00:17:49 (9207 turns).

Monkfish the Unseen (Kobold Berserker)              Turns: 9207, Time: 00:17:50

Health: -10/68     AC:  5    Str: 17    XL:     11   Next: 49%
Magic:  11/11      EV: 15    Int:  5    God:    Trog [*****.]
Gold:   725        SH:  8    Dex: 20    Spells: 0 memorised, 10 levels left

rFire  . . .     SeeInvis .     l - +4 short sword (drain)
rCold  . . .     Gourm    .     A - troll hide
rNeg   + . .     Faith    .     h - +1 buckler
rPois  .         Spirit   .     (helmet restricted)
rElec  .         Dismiss  .     z - +0 cloak {MR+}
rCorr  .         Reflect  .     B - +1 pair of gloves
SustAt .         Harm     .     (no boots)
MR     +....                    (no amulet)
Stlth  ++++++++..               f - ring of positive energy
                                g - ring of flight

@: about to teleport, somewhat resistant to hostile enchantments,
extraordinarily stealthy
A: horns 2, carnivore 3, strong 1
a: Berserk, Trog's Hand, Brothers in Arms, Burn Spellbooks, Renounce Religion,
Evoke Flight


You were on level 10 of the Dungeon.
You worshipped Trog.
Trog was extremely pleased with you.
You were full.

You visited 1 branch of the dungeon, and saw 10 of its levels.

You collected 725 gold pieces.

Inventory:

Hand Weapons
 l - a +4 short sword of draining (weapon)
Missiles
 x - 6 needles of sleeping
Armour
 h - a +1 buckler (worn)
 m - a cursed +0 helmet
 z - a +0 cloak of magic resistance (worn)
 A - a troll hide (worn)
 B - a +1 pair of gloves (worn)
Jewellery
 f - a ring of positive energy (right hand)
 g - a ring of flight (left hand)
Wands
 k - a wand of enslavement (12/24)
 o - a wand of lightning (15/15)
 p - a wand of polymorph (4/24)
 t - a wand of slowing (21/48)
 y - a wand of disintegration (6/24)
Scrolls
 b - a scroll of magic mapping
 d - 3 scrolls of remove curse
 e - a scroll of torment {unknown}
 u - a scroll of identify
 v - a scroll of fear {unknown}
Potions
 j - a potion of curing
 n - a potion of cancellation
 q - 3 potions of flight
 r - a potion of might
 s - 2 potions of resistance
 C - a potion of agility
Comestibles
 c - 4 meat rations
 i - 5 beef jerkies
 w - 7 royal jellies


   Skills:
 + Level 8.2 Fighting
 + Level 10.5 Short Blades
 - Level 1.5 Armour
 - Level 2.4 Dodging
 * Level 16.7 Stealth
 + Level 4.2 Shields


You had 10 spell levels left.
You didn't know any spells.

Dungeon Overview and Level Annotations

Branches:
Dungeon (10/15)            Temple (0/1) D:7
   Lair: D:8-11         Orc: D:9-12

Altars:
Ashenzari
Dithmenos
Elyvilon
Fedhas
Kikubaaqudgha
Makhleb
Pakellas
Ru
Sif Muna
Xom
Yredelemnul
Zin

Shops:
D:10 ?

Annotations:
D:6 Prince Ribbit
D:9 Erolcha


Innate Abilities, Weirdness & Mutations

You are small and have problems with some larger weapons.
You are carnivorous and can eat meat at any time.
You have a pair of horns on your head.
Your muscles are strong. (Str +2)


Message History

* * * LOW HITPOINT WARNING * * *
Something hits you!
* * * LOW HITPOINT WARNING * * *
There is an open door, spattered with blood here.
Drink which item? (? for menu, Esc to quit)
You feel better. Something hits you but does no damage.
Read which item? (? for menu, Esc to quit)
As you read the scroll of teleportation, it crumbles to dust.
You feel strangely unstable. Something hits you.
* * * LOW HITPOINT WARNING * * *
Something hits you but does no damage.
You hit something. Something hits you.
* * * LOW HITPOINT WARNING * * *
Something hits you!
* * * LOW HITPOINT WARNING * * *
Something hits you.
* * * LOW HITPOINT WARNING * * *
Unknown command.
Something hits you!
You die...

#.......### ####.###
#......
#.........####......#
#......
#.......#..(........####
#......
#.......######.........#
#...... #.......#
#......##.####......
#.......#
#......##....#......
####.####
#......#####.+...... #..#
###.#### ###...... ##.###
#.@# #...... #...# #.##
####'## #######'###
###'####### #<..
..........###.........#
#######
..........#.'.........#
.......
..........#.#.........#
.......
..........#.#.........#
.......
..........'.#.........###
.......
..........###.........'.#
.......


There were no monsters in sight!

Vanquished Creatures
  Pikel (D:4)
  Maurice (D:9)
  A centaur skeleton (D:10)
  A troll (D:10)
  A two-headed ogre (D:9)
  A queen bee (D:8)
  Sigmund (D:4)
  A wyvern (D:8)
  5 yaks (D:10)
  A hippogriff (D:7)
  A steam dragon (D:8)
  Duvessa (D:6)
  An orc warrior (D:9)
  3 sky beasts
  2 ice beasts
  A necrophage (D:6)
  A wasp (D:9)
  7 ogres
  2 centaurs
  The ghost of Mesmaeker13 the Conjurer, an amateur DsCj (D:3)
  6 giant frogs
  Dowan (D:6)
  2 gnoll sergeants
  A wyvern skeleton (D:10)
  A water moccasin skeleton (D:8)
  2 scorpions
  20 killer bees
  10 wights
  A howler monkey (D:6)
  A giant frog zombie (D:8)
  A wasp zombie (D:9)
  2 crimson imps
  A gnoll shaman (D:4)
  2 hounds
  7 orc priests
  3 jellies
  8 orc wizards
  Jessica (D:3)
  Ijyb (D:3)
  Natasha (twice) (D:4)
  5 worker ants
  2 hound zombies
  2 hound skeletons
  8 gnolls
  13 adders
  3 shadow imps
  An ooze (D:2)
  5 worms
  3 dart slugs
  8 giant geckos
  38 orcs
  2 ball pythons
  3 giant cockroaches
  7 goblins
  6 hobgoblins
  14 jackals
  6 kobolds
  3 quokkas
  10 bats
  A giant gecko skeleton (D:8)
  4 giant newts
  A jackal skeleton (D:4)
  A quokka skeleton (D:8)
  7 rats
260 creatures vanquished.

Vanquished Creatures (others)
  A hungry ghost (D:4)
  Natasha (D:4)
  An orc (D:4)
3 creatures vanquished.

Grand Total: 263 creatures vanquished

Notes
Turn   | Place    | Note
--------------------------------------------------------------
     0 | D:1      | Monkfish the Kobold Berserker began the quest for the Orb.
     0 | D:1      | Reached XP level 1. HP: 14/14 MP: 1/1
    35 | D:1      | Reached skill level 1 in Stealth
    36 | D:1      | Reached XP level 2. HP: 19/19 MP: 2/2
   236 | D:1      | Reached ** piety under Trog
   236 | D:1      | Reached XP level 3. HP: 18/24 MP: 3/3
   869 | D:2      | Reached skill level 5 in Short Blades
   871 | D:2      | Reached XP level 4. HP: 29/29 MP: 4/4
   989 | D:2      | Reached skill level 2 in Stealth
  1511 | D:2      | Gained mutation: Your muscles are strong. (Str +2) [potion of mutation]
  1511 | D:2      | Gained mutation: You have a pair of small horns on your head. [potion of mutation]
  1511 | D:2      | Gained mutation: You have a pair of horns on your head. [potion of mutation]
  1568 | D:3      | Reached XP level 5. HP: 29/34 MP: 5/5
  1584 | D:3      | Noticed Mesmaeker13's ghost (amateur DsCj)
  1598 | D:3      | Killed Mesmaeker13's ghost
  1598 | D:3      | Reached skill level 3 in Stealth
  1745 | D:3      | Reached XP level 6. HP: 35/39 MP: 6/6
  1750 | D:3      | Reached skill level 4 in Stealth
  1886 | D:3      | Noticed Ijyb
  1897 | D:3      | Killed Ijyb
  1988 | D:3      | Reached *** piety under Trog
  2436 | D:3      | Noticed Jessica
  2447 | D:3      | Killed Jessica
  2447 | D:3      | Reached skill level 5 in Fighting
  2570 | D:4      | Reached skill level 5 in Stealth
  2575 | D:4      | Reached XP level 7. HP: 44/44 MP: 7/7
  2680 | D:4      | Noticed Pikel
  2681 | D:4      | Noticed Natasha
  2697 | D:4      | Killed Pikel
  2697 | D:4      | Reached skill level 8 in Stealth
  2697 | D:4      | Reached skill level 1 in Shields
  2697 | D:4      | Reached XP level 8. HP: 51/51 MP: 8/8
  2698 | D:4      | Killed Natasha
  2906 | D:4      | Reached skill level 9 in Stealth
  3015 | D:4      | Noticed Natasha
  3022 | D:4      | Killed Natasha
  3057 | D:4      | Killed Natasha
  3798 | D:4      | Found an oddly glowing altar of Pakellas.
  3799 | D:4      | Noticed Sigmund
  3811 | D:4      | Killed Sigmund
  3811 | D:4      | Reached skill level 10 in Stealth
  3811 | D:4      | Reached XP level 9. HP: 55/55 MP: 9/9
  3887 | D:5      | Entered Level 5 of the Dungeon
  3981 | D:5      | Found a shimmering altar of Xom.
  4836 | D:6      | Found an ancient bone altar of Kikubaaqudgha.
  4837 | D:6      | Found a burning altar of Makhleb.
  4849 | D:6      | Reached **** piety under Trog
  4889 | D:6      | Noticed Prince Ribbit
  4921 | D:6      | Reached skill level 11 in Stealth
  5141 | D:6      | Noticed Dowan
  5142 | D:6      | Noticed Duvessa
  5149 | D:6      | Killed Duvessa
  5159 | D:6      | Killed Dowan
  5430 | D:7      | Found a blossoming altar of Fedhas.
  5449 | D:7      | Reached skill level 12 in Stealth
  5658 | D:7      | Found a staircase to the Ecumenical Temple.
  5857 | D:7      | Reached XP level 10. HP: 55/60 MP: 10/10
  6230 | D:7      | Reached skill level 13 in Stealth
  6653 | D:8      | Found a blossoming altar of Fedhas.
  6654 | D:8      | Found a sacrificial altar of Ru.
  6663 | D:8      | Found a basalt altar of Yredelemnul.
  6664 | D:8      | Found a shadowy altar of Dithmenos.
  6667 | D:8      | Found a glowing silver altar of Zin.
  6937 | D:8      | Reached skill level 14 in Stealth
  7562 | D:9      | Noticed Maurice
  7592 | D:9      | Reached skill level 15 in Stealth
  7835 | D:9      | Noticed Erolcha
  7857 | D:9      | Found a white marble altar of Elyvilon.
  8032 | D:9      | Reached ***** piety under Trog
  8138 | D:9      | Reached XP level 11. HP: 67/67 MP: 11/11
  8272 | D:9      | Killed Maurice
  8272 | D:9      | Reached skill level 10 in Short Blades
  8467 | D:10     | Entered Level 10 of the Dungeon
  8543 | D:10     | Found a shattered altar of Ashenzari.
  8600 | D:10     | Reached skill level 16 in Stealth
  8890 | D:10     | Found Ziuhip's Magic Scroll Shop.
  8957 | D:10     | Found a deep blue altar of Sif Muna.
  9206 | D:10     | HP: 2/68 [something (9)]
  9207 | D:10     | Mangled by an unseen horror

Skill      XL: |  1  2  3  4  5  6  7  8  9 10 11 |
---------------+----------------------------------+-----
Stealth        | 1 2 3 5 8 10 12 15 16 | 16.7
Fighting       | 4 5 6 7 8 |  8.2
Short Blades   | 5 6 7 8 9 10 | 10.5
Shields        | 1 2 3 4 |  4.2
Armour         | |  1.5
Dodging        | |  2.4

Action                   |  1- 3 |  4- 6 |  7- 9 | 10-12 || total
-------------------------+-------+-------+-------+-------++-------
Melee: Short sword       |   108 |   129 |   233 |   285 ||   755
       Headbutt          |       |    15 |    47 |    56 ||   118
Invok: Berserk           |     2 |     4 |    11 |     5 ||    22
       Trog's Hand       |     1 |     2 |     9 |     4 ||    16
       Burn Spellbooks   |       |     1 |     1 |       ||     2
 Abil: Evoke Flight      |       |       |       |     1 ||     1
Evoke: Wand              |       |       |     1 |       ||     1
  Use: Potion            |     3 |     4 |     4 |     1 ||    12
       Scroll            |     3 |     1 |     8 |     8 ||    20
 Stab: Sleeping          |     1 |     9 |    16 |    27 ||    53
       Distracted        |       |       |     1 |     2 ||     3
       Confused          |       |       |     1 |       ||     1
  Eat: Chunk             |     6 |     8 |    23 |    18 ||    55
Armor: Animal skin       |    20 |    17 |     9 |       ||    46
       Leather armour    |       |       |     2 |    27 ||    29
       Troll hide        |       |       |       |     3 ||     3
Dodge: Dodged            |    89 |    67 |   106 |   131 ||   393
Block: Buckler           |     3 |    25 |    45 |    72 ||   145
